[Event "Team 45 45 League T68"]
[Site "Internet Chess Club"]
[Date "2016.03.21"]
[Round "2"]
[White "lacibacsi"]
[Black "RickyWang"]
[Result "1/2-1/2"]
[WhiteElo "2066"]
[BlackElo "1877"]
[Opening "Four knights: Scotch, 4...exd4"]
[ECO "C47"]
[Time "16:09:55"]
[TimeControl "2700+45"]

1. e4 e5 2. Nf3 Nc6 3. Nc3 Nf6 4. d4 exd4 5. Nxd4 Bb4 6. Nxc6 bxc6 7. Bd3 d5 8.
exd5 cxd5 9. O-O O-O 10. h3 c6 11. Qf3 Re8 12. Bf4 Bd6 13. Rfe1 Be6 14. Ne2 Qb8
15. b3 Bd7 16. Bxd6 Qxd6 17. Ng3 {Game drawn by mutual agreement} 1/2-1/2

[Event "Team 45 45 League T68"]
[Site "Internet Chess Club"]
[Date "2016.03.20"]
[Round "2"]
[White "JasonModer"]
[Black "Tobiasdelmonte"]
[Result "0-1"]
[WhiteElo "1931"]
[BlackElo "1794"]
[Opening "QGD: Tarrasch, Prague variation, 9.Bg5"]
[ECO "D34"]
[Time "19:15:15"]
[TimeControl "2700+45"]

1. d4 d5 2. c4 e6 3. Nc3 c5 4. cxd5 exd5 5. Nf3 Nc6 6. g3 Nf6 7. Bg2 Be7 8. O-O
O-O 9. Bg5 c4 10. Ne5 Be6 11. e3 h6 12. Bxf6 Bxf6 13. Nxc6 bxc6 14. b3 Qa5 15.
Na4 Be7 16. bxc4 dxc4 17. Bxc6 Rac8 18. Qf3 Rfd8 19. Rfc1 Rxc6 20. Nc5 Rxc5 21.
dxc5 Qxc5 22. Rd1 Rxd1+ 23. Qxd1 c3 24. Qc2 Bf6 25. Qa4 g6 26. Rb1 Kg7 27. Kg2
Bd5+ 28. Kg1 Bc6 29. Qc2 Qd5 30. e4 Qxe4 31. Qxe4 Bxe4 32. Re1 c2 33. f3 Bxf3
34. Kf2 Bd1 35. Rxd1 cxd1=Q {White resigns} 0-1

[Event "Team 45 45 League T68"]
[Site "Internet Chess Club"]
[Date "2016.03.20"]
[Round "2"]
[White "JPSVI"]
[Black "anna"]
[Result "0-1"]
[WhiteElo "1613"]
[BlackElo "1825"]
[Opening "Queen's bishop game"]
[ECO "D00"]
[Time "16:00:09"]
[TimeControl "2700+45"]

1. d4 d5 2. Bf4 Nf6 3. Nf3 Bf5 4. c4 e6 5. Nc3 c6 6. Qb3 Qb6 7. c5 Qxb3 8. axb3
Nbd7 9. e3 Nh5 10. Bg3 Nxg3 11. hxg3 h6 12. b4 Be7 13. b5 O-O 14. bxc6 bxc6 15.
b4 Bf6 16. b5 cxb5 17. Bxb5 Nxc5 18. O-O Ne4 19. Nxe4 Bxe4 20. Rfc1 Bxf3 21.
gxf3 Rab8 22. Ba6 Bd8 23. Rc2 Bb6 24. Rac1 Rfd8 25. f4 Kf8 26. Kf1 Ke7 27. Ke2
Rd6 28. Rc8 Rxc8 29. Rxc8 Rd8 30. Rc2 Rd7 31. Rc8 Rc7 32. Rxc7+ Bxc7 33. f3 Kd6
34. Kd3 Ba5 35. Bb5 f6 36. e4 Be1 37. e5+ fxe5 38. fxe5+ Ke7 39. g4 g6 40. Ba4
h5 41. Ke2 Bg3 42. Bc2 Kf7 43. Kf1 h4 44. Bd3 h3 45. Kg1 Bf4 46. Bf1 h2+ 47. Kg2
g5 48. Kh1 Be3 49. Kxh2 Bxd4 50. Kg2 Bxe5 51. Ba6 Bf4 52. Kf1 e5 53. Ke2 Ke6 54.
Kd3 Kd6 55. Bb5 Kc5 56. Bd7 a5 57. Bf5 d4 58. Be6 Kb4 59. Kc2 a4 60. Ba2 Ka3 61.
Bd5 d3+ 62. Kxd3 Kb2 63. Be6 a3 64. Bd5 a2 65. Bxa2 Kxa2 66. Ke4 Kb2 67. Kd3 Kb3
68. Ke4 Kc2 {White resigns} 0-1

[Event "Team 45 45 League T68"]
[Site "Internet Chess Club"]
[Date "2016.03.20"]
[Round "2"]
[White "Littlemon"]
[Black "nidusin2"]
[Result "1/2-1/2"]
[WhiteElo "1582"]
[BlackElo "1586"]
[Opening "Nimzo-Indian: 4.e3"]
[ECO "E40"]
[Time "09:00:51"]
[TimeControl "2700+45"]

1. d4 Nf6 2. c4 e6 3. Nc3 Bb4 4. e3 d6 5. Ne2 O-O 6. g3 Nc6 7. Bg2 e5 8. O-O
Bxc3 9. Nxc3 Bg4 10. Qd3 Qd7 11. Ne4 Nxe4 12. Bxe4 f5 13. Bd5+ Kh8 14. Bg2 e4
15. Qc3 Rf6 16. Bd2 Rh6 17. f3 Bh3 18. Bxh3 Rxh3 19. fxe4 fxe4 20. Rf2 Qg4 21.
Raf1 h6 22. Qb3 b6 23. Qd1 Qxd1 24. Rxd1 Kg8 25. Rdf1 Re8 26. Rf7 Ne7 27. Bc3 d5
28. b3 a5 29. Bb2 g6 30. Bc1 c6 31. R7f6 Rh5 32. R1f2 Rf5 33. g4 Rxf6 34. Rxf6
Kg7 35. Rf2 g5 36. Bd2 Ng6 37. c5 bxc5 38. dxc5 a4 39. Bc3+ Kg8 40. Rf6 Ne7 41.
Rxh6 axb3 42. Rh8+ Kf7 43. Rxe8 Kxe8 44. axb3 Ng6 45. Kf2 Kf7 46. Bd4 Nh4 47.
Be5 Nf3 48. Bc7 Ke6 49. Ke2 Kd7 50. Bg3 Kc8 51. Kd1 Kb7 52. Kc2 Ka6 53. Kc3 Kb5
54. Bd6 Ka5 55. Bg3 Kb5 56. Bd6 Ka5 57. Bc7+ Kb5 58. Bd6 Ka5 59. Bg3 Kb5 60. Bd6
Ka5 {Game drawn by repetition} 1/2-1/2

[Event "Team 45 45 League T68"]
[Site "Internet Chess Club"]
[Date "2016.03.20"]
[Round "2"]
[White "SlimeDog2"]
[Black "TheRailgun"]
[Result "1-0"]
[WhiteElo "2019"]
[BlackElo "1811"]
[Opening "King's Indian: Semi-Averbakh system"]
[ECO "E73"]
[Time "18:30:40"]
[TimeControl "2700+45"]

1. d4 Nf6 2. c4 g6 3. Nc3 Bg7 4. e4 d6 5. Be2 O-O 6. Be3 e5 7. d5 a5 8. g4 Na6
9. g5 Nd7 10. h4 Ndc5 11. h5 Bd7 12. Qd2 Qe8 13. f3 Ba4 14. Bd1 Bxd1 15. Kxd1
Qd7 16. Nh3 c6 17. Nf2 Nc7 18. Ng4 cxd5 19. Qh2 Nxe4 20. Nxe4 dxe4 21. hxg6 fxg6
22. Qxh7+ Kf7 23. Nh6+ Ke8 24. Qxg6+ Kd8 25. fxe4 Ne6 26. Bb6+ Kc8 27. Nf5 Ra6
28. Nxg7 Nxg7 29. Be3 d5 30. Qh7 dxc4+ 31. Kc1 Rd8 32. a4 Rd6 33. Ra3 Rd1+ 34.
Kc2 Rd3 35. Qh3 Ne6 36. Rxd3 Qxd3+ 37. Kc1 Qd7 38. Bb6 Qd2+ 39. Kb1 Re8 40.
Qxe6+ Rxe6 41. Rh8+ Kd7 42. Rd8+ Kc6 43. Rxd2 Kxb6 44. Rd5 c3 45. b3 Ka6 46. Kc2
b6 47. Kxc3 Rc6+ 48. Kd3 Re6 49. Ke3 {Black resigns} 1-0

[Event "Team 45 45 League T68"]
[Site "Internet Chess Club"]
[Date "2016.03.19"]
[Round "2"]
[White "chessnow"]
[Black "sharky123"]
[Result "0-1"]
[WhiteElo "1771"]
[BlackElo "1826"]
[Opening "Caro-Kann: advance variation"]
[ECO "B12"]
[Time "22:05:50"]
[TimeControl "2700+45"]

1. e4 c6 2. d4 d5 3. e5 Bf5 4. Nf3 e6 5. Be2 c5 6. c3 Nc6 7. O-O cxd4 8. cxd4
Nge7 9. Nbd2 Bg4 10. Nb3 Nf5 11. Be3 Be7 12. h3 Bxf3 13. Bxf3 Nxe3 14. fxe3 O-O
15. a3 Qb6 16. Qd3 a5 17. Rab1 Rac8 18. Rfc1 a4 19. Nc5 Bxc5 20. Rxc5 Nxe5 21.
Qb5 Nxf3+ 22. gxf3 Qd6 23. Kg2 Rxc5 24. dxc5 Qc6 25. Qa5 Rc8 26. b4 axb3 27.
Rxb3 g6 28. Rb5 Qa6 29. Qxa6 bxa6 30. Ra5 Rc6 31. f4 Kg7 32. Kf3 Kf6 33. e4
dxe4+ 34. Kxe4 h6 35. a4 g5 36. fxg5+ hxg5 37. Kf3 Kf5 38. Ke3 e5 39. Kf3 e4+
40. Ke3 Ke5 41. Ke2 f5 42. Ke3 f4+ 43. Ke2 Kd4 44. Kd2 e3+ 45. Ke2 Ke4 46. h4
gxh4 47. Ke1 f3 {White resigns} 0-1

[Event "Team 45 45 League T68"]
[Site "Internet Chess Club"]
[Date "2016.03.19"]
[Round "2"]
[White "Holzschlange"]
[Black "anishio"]
[Result "1-0"]
[WhiteElo "1855"]
[BlackElo "1712"]
[Opening "Neo-Grünfeld, 6.cd Nxd5, 7.O-O"]
[ECO "D74"]
[Time "20:02:50"]
[TimeControl "2700+45"]

1. Nf3 Nf6 2. c4 g6 3. g3 Bg7 4. Bg2 d5 5. cxd5 Nxd5 6. d4 O-O 7. O-O c6 8. Nc3
Nxc3 9. bxc3 Nd7 10. a4 Nb6 11. a5 Nc4 12. Qa4 Be6 13. Ng5 Qd7 14. e4 Nd6 15.
Rb1 Nb5 16. Bd2 h6 17. Nxe6 Qxe6 18. Qb3 Qxb3 19. Rxb3 Rab8 20. d5 Nd6 21. Rfb1
cxd5 22. exd5 g5 23. Bf1 Ne4 24. Be1 Nc5 25. Rb5 Rfc8 26. c4 Rc7 27. Bb4 Ne4 28.
a6 b6 29. c5 Bd4 30. d6 exd6 31. cxd6 Bxf2+ 32. Kg2 Rc6 33. Re5 Nxd6 34. Kxf2
Rc2+ 35. Re2 Ne4+ 36. Kf3 Rxe2 37. Bxe2 f5 38. Bc4+ Kg7 39. Rd1 Nf6 40. Bb3 Re8
41. Bc3 Rc8 42. Rd7+ Kg6 43. Bf7+ Kg7 44. Bh5+ {Black resigns} 1-0

[Event "Team 45 45 League T68"]
[Site "Internet Chess Club"]
[Date "2016.03.21"]
[Round "2"]
[White "gyu123987kool"]
[Black "idjit"]
[Result "0-1"]
[WhiteElo "1735"]
[BlackElo "1583"]
[Opening "Sicilian: O'Kelly variation"]
[ECO "B28"]
[Time "18:34:52"]
[TimeControl "2700+45"]

1. e4 c5 2. Nf3 a6 3. c3 d5 4. exd5 Qxd5 5. d4 e6 6. Be2 Nc6 7. O-O Nf6 8. Be3
Ng4 9. Nbd2 Nxe3 10. fxe3 cxd4 11. exd4 Be7 12. Qc2 O-O 13. Bc4 Qd8 14. Rae1 Qc7
15. Ne4 b5 16. Neg5 g6 17. Bd3 Bb7 18. Qf2 Rad8 19. Qh4 h5 20. g4 Qf4 21. Re4
Qf6 22. gxh5 Nxd4 23. cxd4 Bxe4 24. Bxe4 Qg7 25. hxg6 fxg6 26. Qg4 Bxg5 27. Nxg5
Qxd4+ 28. Kg2 Qxb2+ 29. Kg1 Rxf1+ 30. Kxf1 Qc1+ 31. Kg2 Rd2+ 32. Kf3 Qf1+ 33.
Ke3 Qf2# {White checkmated} 0-1

[Event "Team 45 45 League T68"]
[Site "Internet Chess Club"]
[Date "2016.03.19"]
[Round "2"]
[White "GreyWarden"]
[Black "Pomberito"]
[Result "0-1"]
[WhiteElo "1970"]
[BlackElo "2047"]
[Opening "Ruy Lopez: closed, Chigorin defense"]
[ECO "C97"]
[Time "13:03:32"]
[TimeControl "2700+45"]

1. e4 e5 2. Nf3 Nc6 3. Bb5 a6 4. Ba4 Nf6 5. O-O Be7 6. Re1 b5 7. Bb3 d6 8. c3
O-O 9. h3 Na5 10. Bc2 c5 11. d4 Qc7 12. Nbd2 Rd8 13. d5 c4 14. Nf1 Nb7 15. Ng3
a5 16. Nh4 g6 17. Nf3 Nc5 18. Bg5 b4 19. h4 Bg4 20. Re3 Rab8 21. Qf1 b3 22. axb3
cxb3 23. Bd1 a4 24. Nd2 Bd7 25. f4 Ng4 26. Bxg4 Bxg4 27. f5 Ra8 28. Ra3 h6 29.
Bxh6 Bxh4 30. f6 Nd7 31. Bg7 Qc5 32. Qf2 Bg5 33. Rd3 Qxf2+ 34. Kxf2 Nc5 35. Re3
Nd7 36. Nf3 Bxf6 37. Bxf6 Nxf6 38. Re1 Nd7 39. Nd2 Nc5 40. Ke3 f5 41. exf5 gxf5
42. Nxf5 Bxf5 43. Rf1 Bg6 44. Rf3 Nd3 45. Rg3 Nf4 46. c4 Kf7 47. Ra1 a3 48. bxa3
b2 49. Rf1 Rxa3+ 50. Kf2 Rxg3 51. Kxg3 Ra8 52. Rf3 b1=Q 53. Nxb1 Bxb1 54. Kf2
Ra2+ 55. Kf1 Bd3+ {White resigns} 0-1

[Event "Team 45 45 League T68"]
[Site "Internet Chess Club"]
[Date "2016.03.23"]
[Round "2"]
[White "f5"]
[Black "Percival"]
[Result "1-0"]
[WhiteElo "2069"]
[BlackElo "2052"]
[Opening "French: Rubinstein variation"]
[ECO "C10"]
[Time "23:01:24"]
[TimeControl "2700+45"]

1. e4 e6 2. d4 d5 3. Nc3 dxe4 4. Nxe4 Nd7 5. Nf3 Ngf6 6. Bd3 c5 7. O-O Be7 8. c3
O-O 9. Qe2 b6 10. dxc5 Nxc5 11. Nxc5 Bxc5 12. Rd1 Qc7 13. Bg5 Bb7 14. Ne5 Nd5
15. c4 Ne3 16. Bxe3 Qxe5 17. Bxc5 Qxc5 18. Be4 Bxe4 19. Qxe4 Rad8 20. b3 a5 21.
Rd3 Rd6 22. Rad1 Rxd3 23. Qxd3 g6 24. h4 a4 25. bxa4 Ra8 26. Qb3 Rc8 27. g3 h5
28. Rd7 e5 29. Rd5 Qxc4 30. Rd8+ Kg7 31. Rxc8 Qxc8 32. Qxb6 Qc2 33. a5 Qxa2 34.
a6 e4 35. a7 Qa4 36. Qb2+ Kh7 37. Qb7 Qd1+ 38. Kh2 Qf3 39. Qb2 e3 40. fxe3
{Black resigns} 1-0

[Event "Team 45 45 League T68"]
[Site "Internet Chess Club"]
[Date "2016.03.17"]
[Round "2"]
[White "nurmi"]
[Black "Freitac"]
[Result "1/2-1/2"]
[WhiteElo "2098"]
[BlackElo "1923"]
[Opening "English, 1...Nf6 (Anglo-Indian defense)"]
[ECO "A15"]
[Time "18:36:20"]
[TimeControl "2700+45"]

1. c4 Nf6 2. g3 g6 3. Bg2 Bg7 4. Nc3 c6 5. e4 e5 6. Nge2 d6 7. O-O O-O 8. d3 Be6
9. Rb1 Nbd7 10. h3 Re8 11. f4 exf4 12. gxf4 Nb6 13. Kh2 d5 14. cxd5 cxd5 15. e5
Nh5 16. Nd4 Qd7 17. a4 Rad8 18. Bd2 a6 19. Qb3 Nc8 20. a5 Ne7 21. Na4 Nf5 22.
Nxf5 Bxf5 23. Nc5 Qe7 24. Rbc1 Bxe5 25. Nxb7 Rb8 26. Qxd5 Bxb2 27. Rb1 Bg7 28.
Nd6 Be6 29. Qc6 Rxb1 30. Qxe8+ Qxe8 31. Nxe8 Rxf1 32. Bxf1 Bd4 33. Bg2 Kf8 34.
Nc7 Bc8 35. Bd5 Bf2 36. Kg2 Bg3 37. Bf3 Bxf4 38. Bb4+ Kg7 39. Ne8+ Kh6 40. h4 g5
41. hxg5+ Kxg5 42. d4 Be3 43. d5 Nf4+ 44. Kg3 Nd3 45. Be7+ Kg6 46. Nd6 Bf4+ 47.
Kh4 Bxd6 48. Bxd6 Kf6 49. Bc7 Bd7 50. Kg3 Ke7 51. Be4 Nb4 52. Kf4 f5 53. Bf3 Bc8
54. Ke5 Kd7 55. Bb6 Bb7 56. Be3 Bxd5 57. Bxd5 Nxd5 58. Kxd5 Kc7 59. Bf4+ Kb7 60.
Kc5 h5 61. Kd5 {Game drawn by mutual agreement} 1/2-1/2

[Event "Team 45 45 League T68"]
[Site "Internet Chess Club"]
[Date "2016.03.20"]
[Round "2"]
[White "primerpaso"]
[Black "KidRattler"]
[Result "0-1"]
[WhiteElo "1847"]
[BlackElo "1628"]
[Opening "English opening"]
[ECO "A17"]
[Time "19:11:33"]
[TimeControl "2700+45"]

1. c4 Nf6 2. Nc3 e6 3. g3 Bb4 4. Bg2 Bxc3 5. bxc3 d5 6. cxd5 exd5 7. Ba3 Be6 8.
Nf3 Nbd7 9. O-O c5 10. d4 Qa5 11. Qb3 O-O 12. Ng5 Rfc8 13. Nxe6 fxe6 14. Rfc1
Qb6 15. Qa4 Qc6 16. Qd1 Rc7 17. c4 Rac8 18. cxd5 exd5 19. Bxc5 b6 20. Ba3 Qb5
21. e3 Rc3 22. Rxc3 Rxc3 23. Bc1 Qc6 24. Bb2 Rc4 25. Rc1 Qb5 26. Qd2 Rb4 27. Bc3
Ra4 28. Qc2 Qc4 29. Be1 Qxa2 30. Qxa2 Rxa2 31. Kf1 Kf7 32. Rc7 Ke7 33. Rc6 g5
34. Bb4+ Kf7 35. h3 a5 36. Bd6 b5 37. Be5 b4 38. Bxf6 Nxf6 39. Rb6 Rc2 40. Rb5
a4 41. Rxb4 a3 42. Ra4 a2 43. Ra7+ Kg6 44. g4 Rc1+ 45. Ke2 a1=Q 46. Rxa1 Rxa1
47. f4 gxf4 48. exf4 Ra2+ 49. Kf3 Rd2 50. Ke3 Rxg2 {White resigns} 0-1

[Event "Team 45 45 League T68"]
[Site "Internet Chess Club"]
[Date "2016.03.19"]
[Round "2"]
[White "Monterrey"]
[Black "MikeTtheGuru"]
[Result "1-0"]
[WhiteElo "2020"]
[BlackElo "2002"]
[Opening "Queen's Indian: 4.Nc3, main line"]
[ECO "E13"]
[Time "16:03:42"]
[TimeControl "2700+45"]

1. d4 Nf6 2. c4 e6 3. Nf3 b6 4. Nc3 Bb7 5. Bg5 h6 6. Bh4 Bb4 7. e3 Bxc3+ 8. bxc3
Qe7 9. Bd3 d6 10. O-O Nbd7 11. Nd2 g5 12. Bg3 h5 13. f3 O-O-O 14. a4 a5 15. Rb1
h4 16. Be1 h3 17. g4 Rdf8 18. c5 dxc5 19. Nc4 Nd5 20. Qb3 Ba8 21. Qb5 Nb8 22.
Bd2 Bc6 23. Qb3 Nd7 24. Na3 f5 25. Nb5 Kb7 26. e4 fxe4 27. Bxe4 Qg7 28. c4 Nb4
29. d5 exd5 30. cxd5 Bxb5 31. axb5 Qd4+ 32. Be3 Qe5 33. d6+ Kb8 34. dxc7+ Kxc7
35. Bf2 Kc8 36. Rfe1 Qg7 37. Rbd1 Rd8 38. Rd6 Rh6 39. Rc6+ Nxc6 40. bxc6 Nf6 41.
Qxb6 Nxe4 42. Qa6+ {Black resigns} 1-0

[Event "Team 45 45 League T68"]
[Site "Internet Chess Club"]
[Date "2016.03.19"]
[Round "2"]
[White "jjimalo"]
[Black "searchforbobby1"]
[Result "0-1"]
[WhiteElo "1834"]
[BlackElo "2000"]
[Opening "Dutch: stonewall, Botwinnik variation"]
[ECO "A93"]
[Time "16:00:18"]
[TimeControl "2700+45"]

1. d4 f5 2. g3 Nf6 3. Bg2 e6 4. Nf3 Be7 5. c4 O-O 6. O-O d5 7. b3 b6 8. Ba3 Bb7
9. Bxe7 Qxe7 10. Nc3 Nbd7 11. e3 Rac8 12. Rc1 c5 13. Qe2 Ba6 14. Rfd1 Rfd8 15.
Nd2 dxc4 16. bxc4 e5 17. d5 e4 18. f4 Nf8 19. Qe1 Ne8 20. a4 Nd6 21. Nb5 Ra8 22.
Ra1 Nd7 23. Nc7 Bxc4 24. Nxa8 Rxa8 25. Nxc4 Nxc4 26. Qc3 Nd6 27. Bf1 a6 28. Rab1
h6 29. Rb2 Qd8 30. h3 c4 31. Qd4 b5 32. Rdb1 Rb8 33. axb5 axb5 34. Ra1 Qb6 35.
Qxb6 Rxb6 36. Rc1 Kf7 37. Rb4 Ra6 38. Rcb1 Ra5 39. Be2 Nc5 40. Kf1 Nd3 41. g4
Nxb4 42. Rxb4 Ra1+ 43. Kg2 c3 {White resigns} 0-1

[Event "Team 45 45 League T68"]
[Site "Internet Chess Club"]
[Date "2016.03.19"]
[Round "2"]
[White "fishhead"]
[Black "pishd"]
[Result "1-0"]
[WhiteElo "1825"]
[BlackElo "1843"]
[Opening "French: King's Indian attack"]
[ECO "C00"]
[Time "12:11:26"]
[TimeControl "2700+45"]

1. e4 e6 2. d3 c5 3. f4 Nc6 4. Nf3 Be7 5. g3 Nf6 6. Bg2 O-O 7. O-O d5 8. e5 Ne8
9. c3 b5 10. d4 c4 11. Na3 b4 12. Nc2 bxc3 13. bxc3 Rb8 14. Ne3 Qa5 15. Qc2 Nc7
16. Bd2 Nb5 17. a4 Na3 18. Qd1 Rb3 19. Nh4 Bd7 20. f5 Bxh4 21. gxh4 f6 22. Qg4
fxe5 23. fxe6 Rxf1+ 24. Rxf1 Rb1 25. exd7 Rxf1+ 26. Kxf1 Nd8 27. Bxd5+ Kh8 28.
Qf5 h6 29. Qf8+ Kh7 30. Be4+ g6 31. h5 {Black resigns} 1-0

[Event "Team 45 45 League T68"]
[Site "Internet Chess Club"]
[Date "2016.03.20"]
[Round "2"]
[White "gump12345"]
[Black "infiniteshug"]
[Result "0-1"]
[WhiteElo "2008"]
[BlackElo "2177"]
[Opening "Caro-Kann: advance variation"]
[ECO "B12"]
[Time "11:03:59"]
[TimeControl "2700+45"]

1. e4 c6 2. d4 d5 3. e5 Bf5 4. Nf3 e6 5. Be2 Nd7 6. O-O Ne7 7. c3 Bg6 8. Nbd2
Nf5 9. Nb3 Be7 10. Bd3 Rc8 11. Qe2 O-O 12. Bf4 c5 13. dxc5 Nxc5 14. Nxc5 Bxc5
15. Rfd1 Nh4 16. Be3 Bh5 17. Bxc5 Rxc5 18. Qe3 Nxf3+ 19. gxf3 Rc6 20. c4 f5 21.
cxd5 exd5 22. e6 Qh4 23. e7 Re8 24. Bxf5 Rxe7 25. Rd4 Qf6 26. Qd3 Bxf3 27. Bg4
Be4 28. Qd1 Rc2 29. f3 Qh6 30. h3 Qe3+ 31. Kh1 Qf2 {White resigns} 0-1

[Event "Team 45 45 League T68"]
[Site "Internet Chess Club"]
[Date "2016.03.19"]
[Round "2"]
[White "GreyWarden"]
[Black "xwang1"]
[Result "1/2-1/2"]
[WhiteElo "1973"]
[BlackElo "2031"]
[Opening "Ruy Lopez: Berlin defense, open variation"]
[ECO "C67"]
[Time "18:39:29"]
[TimeControl "2700+45"]

1. e4 e5 2. Nf3 Nc6 3. Bb5 Nf6 4. O-O Nxe4 5. d4 Nd6 6. Bxc6 dxc6 7. dxe5 Nf5 8.
Qxd8+ Kxd8 9. Nc3 Bd7 10. b3 Kc8 11. Bb2 Be7 12. Ne4 h6 13. h3 b6 14. Rad1 Rd8
15. g4 Nh4 16. Nxh4 Bxh4 17. f4 Kb7 18. c4 Be8 19. Kg2 a5 20. a4 g6 21. Kf3 Be7
22. Nc3 Ka6 23. Ke4 b5 24. cxb5+ cxb5 25. axb5+ Bxb5 26. Nxb5 Kxb5 27. Bc3 c5
28. Rxd8 Rxd8 29. Ra1 Ra8 30. Ra4 Bd8 31. f5 Kc6 32. f6 Bc7 33. h4 Rb8 34. Bxa5
Bxa5 35. Rxa5 Rb4+ 36. Kd3 Rxb3+ 37. Kc2 Rb4 38. Ra7 Kd5 39. Rxf7 Kxe5 40. g5
hxg5 41. hxg5 Kf5 42. Rc7 Kxg5 43. f7 Rf4 44. Rxc5+ Kh6 45. Rc7 Kg7 46. Kd3 Rxf7
47. Rxf7+ Kxf7 48. Ke4 {Game drawn by mutual agreement} 1/2-1/2

[Event "Team 45 45 League T68"]
[Site "Internet Chess Club"]
[Date "2016.03.21"]
[Round "2"]
[White "SAC2001"]
[Black "Percival"]
[Result "0-1"]
[WhiteElo "1890"]
[BlackElo "2056"]
[Opening "French: Rubinstein variation"]
[ECO "C03"]
[Time "23:16:09"]
[TimeControl "2700+45"]

1. e4 e6 2. d4 d5 3. Nd2 dxe4 4. Nxe4 Nd7 5. Nf3 Ngf6 6. Nxf6+ Nxf6 7. Bd3 c5 8.
c3 cxd4 9. cxd4 Bb4+ 10. Bd2 Bxd2+ 11. Qxd2 O-O 12. O-O b6 13. Bc2 Bb7 14. Ne5
Qd6 15. Rfe1 Rfd8 16. Rad1 Qd5 17. f3 Qxa2 18. Qd3 Ba6 19. Qe3 Nd5 20. Qe4 f5
21. Qh4 Qxb2 22. Bd3 Bxd3 23. Rxd3 Rdc8 24. f4 Rc1 25. Nf3 Rac8 26. Rdd1 Rxd1
27. Rxd1 Ne3 28. Rd2 Qc1+ 29. Kf2 Nd5 30. Kg3 Nf6 31. Kh3 Rc2 32. Rxc2 Qxc2 33.
Qe1 Qe4 34. Qc1 h6 35. Qc8+ Kh7 36. Qb8 Nd5 {White resigns} 0-1

[Event "Team 45 45 League T68"]
[Site "Internet Chess Club"]
[Date "2016.03.21"]
[Round "2"]
[White "kidcobra"]
[Black "chessfunblast"]
[Result "0-1"]
[WhiteElo "1858"]
[BlackElo "1940"]
[Opening "Evans gambit"]
[ECO "C52"]
[Time "19:16:47"]
[TimeControl "2700+45"]

1. e4 e5 2. Nf3 Nc6 3. Bc4 Bc5 4. b4 Bxb4 5. c3 Ba5 6. d4 exd4 7. O-O Nf6 8. e5
d5 9. exf6 dxc4 10. fxg7 Rg8 11. cxd4 Bg4 12. Qe2+ Qe7 13. Qxe7+ Kxe7 14. Nbd2
Rxg7 15. Kh1 Bxd2 16. Nxd2 Nxd4 17. Nxc4 Be2 18. Re1 Rag8 19. Bb2 Rxg2 20. Bxd4
Rg1+ 21. Rxg1 Bf3+ 22. Rg2 Bxg2+ 23. Kg1 Bd5+ 24. Kf1 Bxc4+ 25. Ke1 Rg1+ 26. Kd2
Rxa1 27. Bxa1 Bxa2 28. Ke3 b6 29. Kd4 c5+ 30. Ke5 Be6 31. f4 f6+ 32. Ke4 a5 33.
Bc3 a4 34. Kd3 b5 35. Kc2 b4 36. Ba1 a3 37. h4 b3+ 38. Kc1 b2+ 39. Bxb2 axb2+
40. Kxb2 c4 41. Kc3 Kd6 42. f5 Bf7 43. Kd4 Bg8 44. h5 h6 45. Ke4 c3 46. Kd3 Ke5
47. Kxc3 Kxf5 48. Kd3 Kg5 49. Ke3 f5 50. Kf3 f4 51. Kf2 Kxh5 52. Kf3 Kg5 53. Kf2
Bd5 54. Kg1 Kg4 55. Kh2 f3 56. Kh1 Kg3 57. Kg1 f2+ 58. Kf1 Bc4# {White
checkmated} 0-1

[Event "Team 45 45 League T68"]
[Site "Internet Chess Club"]
[Date "2016.03.20"]
[Round "2"]
[White "SlimeDog2"]
[Black "Agarnez"]
[Result "1-0"]
[WhiteElo "2011"]
[BlackElo "1965"]
[Opening "QGD: Lasker defense"]
[ECO "D56"]
[Time "14:07:35"]
[TimeControl "2700+45"]

1. d4 d5 2. c4 e6 3. Nc3 Nf6 4. Bg5 Be7 5. Nf3 h6 6. Bh4 O-O 7. e3 Ne4 8. Bxe7
Qxe7 9. Rc1 c6 10. h4 Nxc3 11. Rxc3 Nd7 12. g4 e5 13. cxd5 exd4 14. Qxd4 Qf6 15.
Be2 cxd5 16. g5 hxg5 17. hxg5 Qxd4 18. Nxd4 Ne5 19. f4 Nc6 20. Nxc6 bxc6 21.
Rxc6 d4 22. Rc7 dxe3 23. Bd3 Rd8 24. Bh7+ Kf8 25. Be4 {Black resigns} 1-0

[Event "Team 45 45 League T68"]
[Site "Internet Chess Club"]
[Date "2016.03.19"]
[Round "2"]
[White "SlowFox"]
[Black "swagnik"]
[Result "0-1"]
[WhiteElo "2005"]
[BlackElo "1820"]
[Opening "Robatsch (modern) defense"]
[ECO "B06"]
[Time "09:30:32"]
[TimeControl "2700+45"]

1. e4 g6 2. d4 Bg7 3. c3 Nf6 4. Bd3 O-O 5. Nf3 c5 6. e5 Ng4 7. h3 Nh6 8. Bg5
cxd4 9. Qc1 Nf5 10. g4 f6 11. Bd2 fxe5 12. gxf5 d5 13. Be2 Bxf5 14. cxd4 Be4 15.
Qd1 exd4 16. Ng5 Bxh1 17. Ne6 Qb6 18. Nxf8 Qxb2 19. Ne6 Qxa1 20. f3 Bg2 21. Nc7
Bxh3 22. Bd3 Nc6 23. Nxa8 Qxa2 24. Qc2 Qxc2 25. Bxc2 Be5 26. Bb3 e6 27. Na3 Bg3+
28. Ke2 Kf8 29. f4 Bg4+ 30. Kf1 d3 31. Kg2 Bh4 32. Nc7 Nd4 33. Ba4 a6 34. Be3 b5
35. Bxd4 bxa4 36. Bc3 Be7 37. Nb1 a3 38. Nxa6 a2 39. Nd2 Kf7 40. Nf3 Bf6 41.
Ne5+ Bxe5 42. fxe5 d2 {White resigns} 0-1

[Event "Team 45 45 League T68"]
[Site "Internet Chess Club"]
[Date "2016.03.17"]
[Round "2"]
[White "Gilligan"]
[Black "Pomberito"]
[Result "1/2-1/2"]
[WhiteElo "1968"]
[BlackElo "2033"]
[Opening "English, 1...Nf6 (Anglo-Indian defense)"]
[ECO "A15"]
[Time "18:15:30"]
[TimeControl "2700+45"]

1. c4 Nf6 2. g3 g6 3. Bg2 Bg7 4. Nc3 O-O 5. e4 d6 6. Nge2 e5 7. O-O Be6 8. d3
Qd7 9. f4 Bh3 10. f5 Bxg2 11. Kxg2 c6 12. Bg5 Na6 13. h3 Nc7 14. g4 d5 15. Ng3
h6 16. Bxf6 Bxf6 17. cxd5 cxd5 18. exd5 Nxd5 19. Nge4 Bg5 20. Nxd5 Qxd5 21. Qf3
Rad8 22. Nxg5 hxg5 23. fxg6 f6 24. Rad1 Qxf3+ 25. Kxf3 Kg7 26. d4 exd4 27. Rfe1
Rd7 28. Re4 Rfd8 29. Rd3 Kxg6 30. Rd2 f5 31. Re6+ Kf7 32. gxf5 Rh8 33. Kg4 Rh4+
34. Kxg5 Rxh3 35. Re4 d3 36. Rh4 Rxh4 37. Kxh4 Kf6 38. Kg4 Rd4+ 39. Kf3 Kxf5 40.
Ke3 Ke5 41. Rxd3 Rxd3+ 42. Kxd3 Kd5 43. Kc3 a5 44. Kd3 b5 45. Kc3 Kc5 46. b4+
axb4+ 47. Kb3 Kc6 48. Kxb4 Kb6 49. a4 bxa4 50. Kxa4 {Game drawn because neither
player has mating material} 1/2-1/2

[Event "Team 45 45 League T68"]
[Site "Internet Chess Club"]
[Date "2016.03.18"]
[Round "2"]
[White "f5"]
[Black "egyptiantiger"]
[Result "1/2-1/2"]
[WhiteElo "2052"]
[BlackElo "1938"]
[Opening "Sicilian: closed"]
[ECO "B24"]
[Time "16:05:34"]
[TimeControl "2700+45"]

1. e4 c5 2. Nc3 Nc6 3. g3 e5 4. Bg2 Nf6 5. d3 Be7 6. Be3 d6 7. h3 Be6 8. Nf3 h6
9. Qd2 d5 10. exd5 Nxd5 11. Nxd5 Bxd5 12. O-O O-O 13. Rfe1 Qd6 14. Qe2 b6 15.
Nd2 Bxg2 16. Kxg2 Qd5+ 17. Qf3 Qxf3+ 18. Nxf3 Bf6 19. Nd2 Nb4 20. Rec1 e4 21. a3
Nd5 22. Rab1 exd3 23. cxd3 Nxe3+ 24. fxe3 Rad8 25. Ne4 Be5 26. Nf2 Rfe8 27. Kf3
Rd6 28. g4 Bf6 29. Rd1 Red8 30. Ke2 Be5 31. b3 g6 32. Rg1 Kf8 33. a4 Ke7 34.
Rbc1 Bf6 35. Rcd1 Re6 36. Ne4 Bh8 37. Rgf1 Rd5 38. Rf3 Bb2 39. Rdf1 f6 40. Rb1
Be5 41. Nd2 Rd7 42. Nc4 Rd8 43. Rbf1 Bc3 44. Rc1 Be5 45. Rg1 Bc3 46. h4 a6 47.
Rc1 Be5 48. Nd2 Red6 49. e4 Bd4 50. Rcf1 b5 51. Rg3 Be5 52. Rh3 Rb8 53. Rb1 Bc3
54. Rc1 Bxd2 55. Kxd2 bxa4 56. bxa4 Rb4 57. Rxc5 Rxa4 58. h5 g5 59. Rf3 Rxe4 60.
Rc7+ Ke6 61. Rh7 Rxg4 62. Rxh6 Kf7 63. Rh7+ Kg8 64. Ra7 Re6 65. Rf5 Rh4 66. Rc5
Re8 67. Rxa6 Rh2+ 68. Kc3 Rf8 69. Rc7 Rxh5 70. Raa7 Rh6 71. Kd2 Rg6 72. Ke2 f5
73. Kf3 g4+ 74. Kf4 g3 75. Rc1 Rg4+ 76. Kf3 Rd8 77. d4 g2 78. Kf2 f4 79. d5 f3
80. Rg1 Rg5 81. Ra3 Rdxd5 82. Kxf3 Rdf5+ 83. Ke2 Rg7 84. Rh3 Re7+ 85. Re3 Rg7
86. Rh3 Ra5 87. Re3 Rg6 88. Kf3 Ra2 89. Rb3 Kg7 90. Rb4 Ra3+ 91. Kf2 Rg5 92. Rb2
Rag3 93. Rb5 Rg6 94. Rb6 Rxb6 95. Kxg3 Rg6+ 96. Kf2 Kf6 97. Rxg2 Rxg2+ 98. Kxg2
{Game drawn because neither player has mating material} 1/2-1/2